Map: Deathaura LE

Players

INnoVation - Winner!

  • Race: Terran Terran
  • Spawn Location: 11:00

PtitDrogo

  • Race: Protoss Protoss
  • Spawn Location: 5:00

Event: StayAtHome Story Cup #3

VOD

Have the link to the VOD?

Description

Time

  • Played on: March 11, 2021, 10:10 a.m.
  • Length: 9:45

All games in this series

Show
View Real Time Build Order
Export as new Build Order

INnoVation Terran - Winner!

Build Orders: Reaper Expand 

Get SALT Encoding   

  12  0:00  SCV  
  13  0:12  SCV  
  14  0:17  Supply Depot  
  14  0:25  SCV  
  15  0:38  SCV  
  15  0:40  Barracks  
  16  0:42  Refinery  
  16  0:50  SCV  
  17  1:02  SCV  
  18  1:15  SCV  
  19  1:27  Orbital Command, Reaper  
  20  1:46  Command Center  
  20  1:50  Supply Depot  
  20  1:53  SCV  
  21  1:59  Marine  
  22  2:06  SCV  
  23  2:09  Factory  
  23  2:16  Bunker  
  23  2:19  SCV  
  23  2:21  Barracks Reactor  
  24  2:26  Refinery  
  24  2:31  SCV  
  25  2:43  SCV  
  26  2:53  Hellion  
  26  2:58  Starport, Marine x2  
  27  2:59  SCV  
  30  3:11  SCV  
  31  3:13  Orbital Command  
  31  3:16  Widow Mine  
  31  3:18  Marine x2  
  35  3:26  SCV  
  35  3:36  Medivac  
  35  3:37  Widow Mine  
  35  3:38  SCV  
  35  3:39  SCV, Supply Depot  
  41  3:43  Marine x2  
  43  3:50  SCV  
  43  3:51  SCV  
  45  3:57  Supply Depot  
  45  3:58  Factory Tech Lab  
  45  4:03  SCV x2  
  45  4:05  Marine x2  
  49  4:12  Starport Tech Lab  
  49  4:15  SCV x2  
  51  4:17  Siege Tank  
  51  4:20  Barracks, Supply Depot  
  51  4:23  Marine x2  
  56  4:28  Refinery  
  56  4:29  SCV x2  
  58  4:34  Raven  
  60  4:41  SCV, Marine  
  60  4:42  SCV, Marine  
  60  4:53  SCV, Supply Depot  
  60  4:54  SCV  
  60  4:57  Siege Tank  
  60  4:59  Marine  
  66  5:00  Marine  
  66  5:01  Engineering Bay  
  66  5:05  SCV  
  66  5:06  Refinery, SCV  
  69  5:10  Barracks  
  69  5:17  SCV  
  69  5:18  SCV  
  71  5:25  Stimpack  
  71  5:29  Starport Reactor  
  71  5:30  Marine x2  
  71  5:31  SCV, Marauder  
  71  5:32  SCV  
  71  5:33  Terran Infantry Weapons Level 1  
  71  5:35  Supply Depot  
  75  5:46  SCV x2  
  75  5:49  Factory Reactor  
  76  5:52  Marine  
  76  5:53  Marauder, Marine  
  78  5:58  SCV x2  
  78  6:03  Supply Depot  
  78  6:04  Supply Depot  
  78  6:06  Medivac x2  
  78  6:09  Combat Shield  
  82  6:12  SCV x2  
  82  6:13  Command Center  
  82  6:16  Marauder  
  86  6:23  Supply Depot  
  86  6:24  Marine x2  
  86  6:25  Marauder  
  90  6:26  Widow Mine x2  
  90  6:32  Supply Depot  
  94  6:35  Medivac  
  94  6:36  Medivac  
  98  6:40  Marauder  
  98  6:42  Marine x2  
  98  6:46  Marauder  
  104  6:49  Widow Mine  
  104  6:50  Widow Mine  
  104  6:51  Barracks  
  104  6:52  Barracks  
  103  6:58  SCV x2  
  103  6:59  Supply Depot  
  105  7:01  Marine x2  
  105  7:03  Marauder  
  105  7:08  Marauder, Medivac  
  113  7:11  Widow Mine x2, Concussive Shells  
  117  7:16  SCV  
  117  7:21  SCV, Marine x2, Medivac  
  119  7:39  Barracks Tech Lab  
  119  7:40  Marauder x2, Marine x2  
  119  7:42  Orbital Command  
  119  7:43  SCV x2  
  127  7:46  Medivac  
  127  7:51  Medivac  
  128  7:55  SCV x2  
  120  7:58  Orbital Command  
  120  8:01  Marauder x2, Marine  
  120  8:02  Marauder  
  114  8:05  Marine  
  114  8:06  Marine  
  114  8:09  Factory Tech Lab  
  114  8:10  SCV  
  114  8:11  SCV  
  118  8:20  Viking  
  118  8:21  Viking  
  118  8:24  Barracks Reactor  
  118  8:25  Marine x2  
  118  8:26  SCV x3  
  127  8:28  Refinery  
  127  8:31  Siege Tank  
  130  8:42  Marauder x3  
  130  8:43  Marine x2  
  130  8:45  Refinery  
  138  8:48  Supply Depot  
  138  8:50  Supply Depot  
  138  8:52  SCV x2  
  138  8:53  SCV, Viking  
  141  8:59  Viking  
  140  9:03  Marine  
  141  9:10  Marauder x3, Marine x2  
  141  9:11  Marine, Siege Tank  
Show
View Real Time Build Order
Export as new Build Order

PtitDrogo Protoss 

Build Orders: 1 Gate Expand, Blink Stalkers, Colossus Rush 

Get SALT Encoding   

  12  0:00  Probe  
  13  0:12  Probe  
  14  0:17  Pylon  
  14  0:24  Probe  
  15  0:35  Gateway  
  15  0:36  Probe (Chrono Boost)  
  16  0:46  Probe (Chrono Boost), Assimilator  
  17  0:51  Probe (Chrono Boost)  
  18  1:03  Probe  
  19  1:15  Probe  
  20  1:22  Cybernetics Core  
  20  1:33  Nexus  
  20  1:39  Pylon  
  20  1:42  Probe  
  21  1:49  Assimilator  
  21  1:54  Probe  
  21  1:56  Adept (Chrono Boost)  
  24  2:04  Shield Battery  
  24  2:06  Probe  
  25  2:09  Warp Gate  
  25  2:16  Adept (Chrono Boost)  
  25  2:18  Probe  
  28  2:30  Probe  
  28  2:34  Twilight Council  
  29  2:38  Stalker  
  31  2:45  Probe (Chrono Boost)  
  31  2:50  Probe (Chrono Boost)  
  33  2:55  Probe (Chrono Boost)  
  35  2:58  Probe (Chrono Boost)  
  35  3:00  Probe (Chrono Boost)  
  36  3:06  Robotics Facility  
  36  3:09  Probe  
  37  3:14  Probe  
  38  3:21  Probe  
  38  3:27  Probe (Chrono Boost)  
  39  3:37  Probe (Chrono Boost), Blink  
  39  3:39  Probe (Chrono Boost)  
  40  3:45  Gateway  
  40  3:47  Probe (Chrono Boost)  
  42  3:48  Probe (Chrono Boost)  
  42  3:50  Gateway  
  42  3:53  Probe  
  42  3:54  Observer (Chrono Boost)  
  44  3:57  Probe  
  44  3:58  Pylon  
  45  4:04  Assimilator  
  45  4:05  Probe (Chrono Boost)  
  45  4:06  Assimilator  
  48  4:17  Observer, Probe (Chrono Boost)  
  48  4:19  Stalker  
  48  4:22  Probe (Chrono Boost), Pylon  
  51  4:27  Probe (Chrono Boost)  
  51  4:30  Probe (Chrono Boost)  
  51  4:31  Nexus  
  53  4:34  Probe  
  54  4:41  Observer, Stalker  
  48  4:53  Probe (Chrono Boost)  
  48  4:58  Probe (Chrono Boost)  
  49  5:01  Robotics Bay  
  49  5:02  Probe (Chrono Boost)  
  49  5:05  Stalker x2  
  49  5:06  Probe (Chrono Boost)  
  55  5:07  Probe (Chrono Boost), Stalker  
  58  5:17  Probe  
  58  5:19  Probe  
  60  5:32  Probe  
  60  5:34  Stalker  
  63  5:42  Probe  
  63  5:43  Probe  
  63  5:44  Probe  
  64  5:52  Colossus (Chrono Boost)  
  64  5:55  Probe (Chrono Boost)  
  64  5:56  Probe (Chrono Boost), Charge, Extended Thermal Lance  
  66  5:59  Probe (Chrono Boost)  
  67  6:07  Probe (Chrono Boost)  
  67  6:09  Forge  
  70  6:11  Probe (Chrono Boost)  
  70  6:13  Probe (Chrono Boost)  
  70  6:15  Probe (Chrono Boost)  
  70  6:17  Probe (Chrono Boost), Sentry  
  74  6:19  Probe (Chrono Boost)  
  74  6:21  Probe  
  74  6:23  Pylon  
  76  6:25  Probe, Pylon  
  76  6:30  Gateway  
  76  6:31  Gateway x2  
  77  6:33  Gateway  
  77  6:39  Gateway  
  77  6:40  Colossus (Chrono Boost)  
  77  6:41  Probe  
  84  6:53  Protoss Ground Weapons Level 1 (Chrono Boost)  
  82  7:00  Zealot x3  
  88  7:03  Pylon  
  88  7:04  Pylon  
  88  7:17  Pylon  
  88  7:22  Colossus (Chrono Boost), Nexus  
  94  7:28  Stalker x4  
  101  7:36  Zealot x3  
  100  7:49  Observer  
  81  7:55  Stalker x4  
  71  8:08  Zealot x3  
  71  8:12  Warp Prism (Chrono Boost)  
  79  8:22  Sentry  
  79  8:23  Sentry x3  
  87  8:28  Zealot x2  
  87  8:29  Zealot  
  92  8:46  Zealot x4  
  92  8:48  Pylon  
  100  9:05  Sentry  
  100  9:07  Zealot x4  
  84  9:39  Zealot x4  
Tags
 
Add a new tag
Caveats
  • Supply blocks, unpowered buildings, or Contaminate may cause inaccurate times.
  • Supply counts are checked every 10 seconds.